 Dungeon Crawl Stone Soup version 0.29-a0-857-g9b1aa3ac5b (webtiles) character file.

Game seed: 6414639650992490788

32 nxtlvl the Cutter (level 3, -1/22 HPs)
             Began as a Deep Elf Monk on July 17, 2022.
             Slain by an orc
             ... wielding a +0 short sword
              (4 damage)
             ... on level 3 of the Dungeon.
             The game lasted 00:04:15 (698 turns).

nxtlvl the Cutter (Deep Elf Monk)                    Turns: 698, Time: 00:04:15

Health: -1/22      AC:  2    Str:  6 (7)  XL:     3   Next: 8%
Magic:  5/5        EV: 13    Int: 19 (20) God:
Gold:   91         SH:  0    Dex: 16      Spells: 2/2 levels left

rFire   . . .      SeeInvis .   a - +0 short sword
rCold   + . .      Faith    .   (no shield)
rNeg    . . .      Spirit   .   b - +0 robe
rPois   .          Reflect  .   (helmet restricted)
rElec   .          Harm     .   (no cloak)
rCorr   .          Rampage  .   (no gloves)
Will    .....                   (no boots)
Stlth   ++........              (no amulet)
HPRegen 0.07/turn               h - ring of protection from cold
MPRegen 0.09/turn               (no ring)

@: flying
A: horns 1, clever 1, deterioration 1, sturdy frame 1
a: no special abilities


You were on level 3 of the Dungeon.
You visited 1 branch of the dungeon, and saw 3 of its levels.

You collected 91 gold pieces.

Inventory:

Hand Weapons
 a - a +0 short sword (weapon)
Missiles
 d - 31 stones (quivered)
Armour
 b - a +0 robe (worn)
Jewellery
 h - a ring of protection from cold (left hand)
Wands
 j - a wand of polymorph (5)
Scrolls
 c - a scroll of enchant weapon {unknown}
 e - a scroll of silence {unknown}
 g - 2 scrolls of identify {unknown}
 i - a scroll of blinking {unknown}
 n - a scroll of fear {unknown}


   Skills:
 - Level 2.4 Fighting
 * Level 4.3 Short Blades
 - Level 3.6 Dodging
 - Level 2.4 Stealth


You had 2 spell levels left.
You didn't know any spells.
Your spell library was empty.

Dungeon Overview and Level Annotations

Branches:
Dungeon (3/15)

Altars:


Innate Abilities, Weirdness & Mutations

You have a pair of small horns on your head.
Your mind is acute. (Int +4, Str/Dex -1)
Your body sometimes deteriorates upon taking damage.
Your movements are slightly less encumbered by armour. (ER -2)


Message History

A giant cockroach comes into view.
It was a potion of flight.
You feel very buoyant.
You fly up into the air.
The iguana closely misses you. The orc hits you with a +0 short sword.
Your body deteriorates!
You feel dopey.
You hit the iguana. Your headbutt misses the iguana.
The iguana is lightly wounded.
The iguana closely misses you. The orc hits you but does no damage.
You hit the iguana but do no damage. You headbutt the iguana.
The iguana is moderately wounded.
The iguana closely misses you.
The orc wizard casts a spell.
The orc wizard flickers and vanishes!
The orc barely misses you.
You hit the iguana but do no damage.
The iguana is moderately wounded.
The iguana barely misses you. The orc hits you with a +0 short sword.
You barely miss the iguana. Your punch misses the iguana.
The iguana is moderately wounded.
The iguana barely misses you. The orc hits you but does no damage.
You closely miss the iguana.
The iguana is moderately wounded.
The iguana closely misses you. The orc closely misses you.
You barely miss the iguana. Your headbutt misses the iguana.
The iguana is moderately wounded.
The iguana misses you. The orc closely misses you.
You hit the iguana.
The iguana is heavily wounded.
You barely miss the iguana.
The iguana is heavily wounded.
The iguana bites you!
Ouch! That really hurt!
* * * LOW HITPOINT WARNING * * *
Your body deteriorates!
You feel weakened. The orc hits you with a +0 short sword.
* * * LOW HITPOINT WARNING * * *
You closely miss the iguana.
The iguana is heavily wounded.
The iguana closely misses you. The orc hits you with a +0 short sword.
You die...

########..........
########..........
..............<... .
########.......... ..#
#### #.......... #.. ..#
###.###.... ##... #.#
#.# #....
.....o####.#####.###....
....B{o@l..........#....
.....{#############.....
..... ###### ...# .. .


You could see an iguana, 2 orcs and a giant cockroach.

Vanquished Creatures
  An adder (D:2)
  A ball python (D:1)
  A bat (D:2)
  4 goblins
  2 hobgoblins
  3 jackals (D:1)
  6 kobolds
  A rat (D:3)
19 creatures vanquished.

Notes
Turn   | Place    | Note
-------+----------+-------------------------------------------
     0 | D:1      | nxtlvl the Deep Elf Monk began the quest for the Orb.
     0 | D:1      | Reached XP level 1. HP: 13/13 MP: 3/3
    33 | D:1      | Found a faded altar of an unknown god.
   153 | D:1      | Reached XP level 2. HP: 7/18 MP: 4/4
   558 | D:3      | Reached skill level 4 in Short Blades
   609 | D:2      | Reached XP level 3. HP: 18/22 MP: 5/5
   688 | D:3      | Gained mutation: Your movements are slightly less
                  | encumbered by armour. (ER -2) [potion of mutation]
   688 | D:3      | Gained mutation: You have a pair of small horns on your
                  | head. [potion of mutation]
   688 | D:3      | Gained mutation: Your body sometimes deteriorates upon
                  | taking damage. [potion of mutation]
   688 | D:3      | Gained mutation: Your mind is acute. (Int +4, Str/Dex -1)
                  | [potion of mutation]
   698 | D:3      | Slain by an orc

Illustrated notes

Levels and vault maps discovered:
D:1:      saegor_arrival_simple_b, layout_rooms,
          ebering_ecumenical_altar_abandoned, minivault_27
D:2:      layout_rooms, minmay_quantized
D:3:      layout_basic, lightli_temple_of_fire

Skill      XL: |  1  2 |
---------------+-------+-----
Short Blades   | 4 |  4.3
Fighting       | |  2.4
Dodging        | |  3.6
Stealth        | |  2.4

Action                   || total
-------------------------++-------
Melee: Short sword       ||    68
       Headbutt          ||     1
  Use: Potion            ||     5
 Stab: Sleeping          ||     3
Armor: Robe              ||    12
Dodge: Dodged            ||    50

Table legend: (Time is in decaauts)
 A = Elapsed time spent in this place.
 B = Non-inter-level travel time spent in this place.
 C = Inter-level travel time spent in this place.
 D = Time resting spent in this place.
 E = Time spent auto-exploring this place.
 F = Levels seen in this place.
 G = Mean time per level.
                   A        B        C        D        E       F      G
               +--------+--------+--------+--------+--------+-----+--------+
         Total |    690 |    674 |     16 |      0 |     72 |   3 |  230.0 |
       Dungeon |    690 |    674 |     16 |      0 |     72 |   3 |  230.0 |
               +--------+--------+--------+--------+--------+-----+--------+

Top non-repeatable levels by time:
     D:1: 419 daAuts
     D:2: 140 daAuts
     D:3: 130 daAuts
